 Dungeon Crawl Stone Soup version 0.28-a0-422-gd71735cc25 (webtiles) character file.

Game seed: 17281141750775559188

161 aSlayers the Bolt Thrower (level 5, -1/30 HPs)
             Began as a Kobold Arcane Marksman on Sept 8, 2021.
             Slain by a black bear (2 damage)
             ... on level 4 of the Dungeon on Nov 8, 2021.
             The game lasted 00:11:25 (3674 turns).

aSlayers the Bolt Thrower (Kobold Arcane Marksman)  Turns: 3674, Time: 00:11:26

Health: -1/30      AC:  4    Str:  7    XL:     5   Next: 70%
Magic:  6/6        EV: 15    Int: 14    God:
Gold:   131        SH:  0    Dex: 17    Spells: 4/6 levels left

rFire   . . .      SeeInvis .   a - +1 hand crossbow
rCold   . . .      Faith    .   (shield restricted)
rNeg    . . .      Spirit   .   d - +0 robe
rPois   .          Reflect  .   j - +1 helmet
rElec   .          Harm     .   (no cloak)
rCorr   .          Rampage  .   (no gloves)
Will    +....      Clarity  +   (no boots)
Stlth   +++.......              (no amulet)
HPRegen 0.10/turn               k - ring of willpower
MPRegen 0.10/turn               (no ring)

@: unable to read
A: small, no large weapons, nightstalker 3, clarity, inability to read while
threatened
a: no special abilities


You were on level 4 of the Dungeon.
You visited 1 branch of the dungeon, and saw 4 of its levels.

You collected 131 gold pieces.

Inventory:

Hand Weapons
 a - a +1 hand crossbow (weapon)
Missiles
 c - 23 bolts (quivered ammo)
Armour
 d - a +0 robe (worn)
 g - a +0 helmet
 j - a +1 helmet (worn)
Jewellery
 k - a ring of willpower (left hand)


   Skills:
 + Level 1.9 Fighting
 + Level 5.2 Crossbows
 + Level 3.1 Dodging
 + Level 1.3 Stealth
 + Level 1.1 Spellcasting
 + Level 3.5 Hexes


You had 4 spell levels left.
You knew the following spells:

 Your Spells              Type           Power      Damage    Failure   Level
a - Slow                  Hex            10%        N/A       9%          2

Your spell library contained the following spells:

 Spells                   Type           Power      Damage    Failure   Level
 Ensorcelled Hibernation  Hex/Ice        10%        N/A       19%         2
 Tukima's Dance           Hex            10%        N/A       19%         3
 Inner Flame              Hex/Fire       5%         N/A       36%         3
 Portal Projectile        Hex/Tloc       10%        N/A       36%         3
 Cause Fear               Hex            5%         N/A       52%         4


Dungeon Overview and Level Annotations

Branches:
Dungeon (4/15)
 Temple: D:4-7

Altars:
Cheibriados
Qazlal

Annotations:
D:4 Grinder


Innate Abilities, Weirdness & Mutations

You are small and have problems with some larger weapons.
You are completely attuned to the shadows.
You possess an exceptional clarity of mind.
You sometimes lose the ability to read scrolls when taking damage.


Message History

The black bear bites you. The black bear claws you. The black bear misses you.
You shoot a bolt. The bolt hits the black bear.
The black bear is heavily wounded.
The black bear bites you.
The black bear claws you but does no damage.
The black bear barely misses you.
You shoot a bolt. The bolt hits the black bear.
The black bear is severely wounded.
The black bear bites you but does no damage.
The black bear barely misses you. The black bear claws you.
The black bear bites you but does no damage.
The black bear barely misses you. x2
You shoot a bolt. The bolt hits the black bear.
The black bear is severely wounded.
The black bear goes berserk!
You shoot a bolt. The bolt closely misses the black bear.
The black bear bites you. The black bear claws you.
The black bear completely misses you. The black bear bites you.
* * * LOW HITPOINT WARNING * * *
The black bear claws you but does no damage.
The black bear closely misses you.
You are too injured to fight recklessly!
You are too injured to fight recklessly!
It was a potion of mutation.
You feel extremely strange.
Your thoughts seem clearer.
You lose the ability to read scrolls when threatened.
The black bear bites you.
* * * LOW HITPOINT WARNING * * *
The black bear claws you.
You feel threatened and lose the ability to read scrolls!
* * * LOW HITPOINT WARNING * * *
The black bear misses you.
You can read scrolls again.
The black bear bites you.
You feel threatened and lose the ability to read scrolls!
* * * LOW HITPOINT WARNING * * *
The black bear completely misses you. The black bear claws you.
* * * LOW HITPOINT WARNING * * *
The black bear bites you.
You die...

#.......####+#
#.............
#.......#(...(
##.####..#...(.
.....#.........#.....
........###.#....(...
........# .....##+####
.....##.#####...h.......
#...5.<.....##.@##.#.##
#.########............#
...# ..#...#.#..# ####
..#........# #.?##.##.#
#.. +..##....# #...
........###...
...#.#.###...#####
.................#


You could see a black bear (berserk).

Vanquished Creatures
  4 gnolls (D:3)
  2 adders
  2 worms
  2 dart slugs (D:1)
  9 orcs (D:3)
  4 endoplasms
  4 giant cockroaches
  8 goblins
  11 hobgoblins
  5 quokkas
  8 ball pythons
  5 bats
  3 frilled lizards
  11 kobolds
  6 rats
84 creatures vanquished.

Notes
Turn   | Place    | Note
-------+----------+-------------------------------------------
     0 | D:1      | aSlayers the Kobold Arcane Marksman began the quest for the
                  | Orb.
     0 | D:1      | Reached XP level 1. HP: 12/12 MP: 2/2
   136 | D:1      | Reached XP level 2. HP: 16/16 MP: 3/3
   139 | D:1      | Learned a level 2 spell: Slow
   173 | D:1      | Found a faded altar of an unknown god.
   366 | D:1      | Reached XP level 3. HP: 20/20 MP: 4/4
   722 | D:1      | Reached skill level 3 in Crossbows
  1349 | D:2      | Reached XP level 4. HP: 25/25 MP: 5/5
  1574 | D:2      | Reached skill level 4 in Crossbows
  2457 | D:3      | Reached skill level 1 in Stealth
  2506 | D:3      | Found a stormy altar of Qazlal.
  2566 | D:3      | Found a snail-covered altar of Cheibriados.
  2650 | D:3      | Reached XP level 5. HP: 17/30 MP: 6/6
  2926 | D:3      | Reached skill level 5 in Crossbows
  3491 | D:4      | Noticed a black bear
  3524 | D:4      | Noticed Grinder
  3538 | D:4      | Paralysed by Grinder for 6 turns
  3672 | D:4      | Gained mutation: You possess an exceptional clarity of
                  | mind. [potion of mutation]
  3672 | D:4      | Gained mutation: You sometimes lose the ability to read
                  | scrolls when taking damage. [potion of mutation]
  3673 | D:4      | HP: 1/30 [black bear (2)]
  3674 | D:4      | Slain by a black bear

Illustrated notes

Levels and vault maps discovered:
D:1:      minmay_arrival_up_and_down, layout_loops_ring,
          shapermc_ecumenical_altar_totnotflames
D:2:      layout_basic
D:3:      layout_loops_ring, lemuel_round_altar, mainiacjoe_overflow_alcove_1,
          kennysheep_generic_room_14
D:4:      layout_basic, nicolae_overflow_crystal_walls, grunt_decor_arrowhead,
          uniq_grinder

Skill      XL: |  1  2  3  4  5 |
---------------+----------------+-----
Dodging        | 3 |  3.1
Crossbows      | 3 4 5 |  5.2
Stealth        | 1 |  1.3
Fighting       | |  1.9
Spellcasting   | |  1.1
Hexes          | |  3.5

Action                   |  1- 3 |  4- 6 || total
-------------------------+-------+-------++-------
Melee: Hand crossbow     |       |     3 ||     3
 Fire: Hand crossbow     |    74 |   113 ||   187
  Use: Scroll            |     7 |     2 ||     9
       Potion            |       |     4 ||     4
Armor: Robe              |     7 |    12 ||    19
Dodge: Dodged            |    22 |    54 ||    76

Table legend: (Time is in decaauts)
 A = Elapsed time spent in this place.
 B = Non-inter-level travel time spent in this place.
 C = Inter-level travel time spent in this place.
 D = Time resting spent in this place.
 E = Time spent auto-exploring this place.
 F = Levels seen in this place.
 G = Mean time per level.
                   A        B        C        D        E       F      G
               +--------+--------+--------+--------+--------+-----+--------+
         Total |   3732 |   3731 |      1 |      0 |   2912 |   4 |  933.0 |
       Dungeon |   3732 |   3731 |      1 |      0 |   2912 |   4 |  933.0 |
               +--------+--------+--------+--------+--------+-----+--------+

Top non-repeatable levels by time:
     D:3: 1341 daAuts
     D:1: 1181 daAuts
     D:2: 1037 daAuts
     D:4: 173 daAuts
